 Dungeon Crawl Stone Soup version 0.21.0-24-g2553a33 (webtiles) character file.

33359 tilp the Destroyer (level 13, 0/111 HPs)
             Began as a Black Draconian Conjurer on Jan 20, 2018.
             Was an Elder of Vehumet.
             Succumbed to an orange demon's poison
             ... while paralysed by an orc sorcerer
             ... on level 1 of the Orcish Mines on Jan 21, 2018.
             The game lasted 01:14:28 (24304 turns).

tilp the Destroyer (Black Draconian Conjurer)      Turns: 24304, Time: 01:14:29

Health: 0/111      AC: 14    Str: 11    XL:     13   Next: 36%
Magic:  25/25      EV:  2    Int: 19    God:    Vehumet [****..]
Gold:   1183       SH:  0    Dex: 16    Spells: 2/28 levels left

rFire    . . .     SeeInvis .   b - +9 great sword "Upnus" {freeze, rElec}
rCold    . . .     Gourm    .   (shield currently unavailable)
rNeg     . . .     Faith    .   (armour unavailable)
rPois    .         Spirit   .   (helmet restricted)
rElec    +         Reflect  .   u - +2 cloak
rCorr    .         Harm     .   (no gloves)
MR       .....                  d - +2 pair of boots
Stlth    +++.......             (no amulet)
HPRegen  0.28/turn              x - +3 ring of dexterity
MPRegen  0.19/turn              H - +4 ring of slaying

@: paralysed, lethally poisoned (0 -> -12), weakened
A: breathe lightning, unfitting armour, electricity resistance, cold-blooded, AC
+8
a: Breathe Lightning, Renounce Religion


You were on level 1 of the Orcish Mines.
You worshipped Vehumet.
Vehumet was greatly pleased with you.
You were not hungry.

You visited 3 branches of the dungeon, and saw 16 of its levels.
You also visited: Ossuary.

You collected 1302 gold pieces.
You spent 119 gold pieces at shops.

Inventory:

Hand Weapons
 b - the +9 great sword "Upnus" (weapon) {freeze, rElec}
   (You found it on level 2 of the Lair of Beasts)

   It has been specially enchanted to freeze those struck by it, causing extra
   injury to most foes and up to half again as much damage against particularly
   susceptible opponents.
   It can also slow down cold-blooded creatures.
   It insulates you from electricity.
Missiles
 C - 15 tomahawks
 M - 10 javelins (quivered)
Armour
 d - a +2 pair of boots (worn)
 u - a +2 cloak (worn)
 Y - the -1 pair of gloves of the Tired Realms {*Corrode rF++ MP+9 Dex+3}
   (You found it on level 4 of the Lair of Beasts)

   It affects your dexterity (+3).
   It greatly protects you from fire.
   It affects your magic capacity (+9).
   It may corrode you when you take damage.
Magical Staves
 a - an uncursed staff of wizardry
 S - an uncursed staff of air
Jewellery
 f - an uncursed ring of ice
 r - an uncursed ring of flight
 x - a +3 ring of dexterity (left hand)
 H - a +4 ring of slaying (right hand)
 I - an uncursed ring of magical power
 L - an uncursed ring of positive energy {unknown}
 T - an uncursed ring of protection from magic
Wands
 e - a wand of iceblast (3)
 i - a wand of polymorph (12)
 E - a wand of disintegration (1)
 X - a wand of digging (16)
 Z - a wand of flame (50)
Scrolls
 h - 10 scrolls of amnesia
 j - 2 scrolls of enchant armour
 n - a scroll of blinking
 p - 8 scrolls of remove curse
 s - 5 scrolls of teleportation
 t - 2 scrolls of fog
 y - a scroll of acquirement {unknown}
 B - a scroll of silence
 D - 4 scrolls of enchant weapon
 K - 3 scrolls of fear
 P - 2 scrolls of magic mapping
 R - a scroll of brand weapon
Potions
 c - 2 potions of invisibility
 g - 6 potions of curing
 k - 2 potions of cancellation {unknown}
 m - 5 potions of haste
 o - 3 potions of brilliance {unknown}
 v - 4 potions of flight
 w - 2 potions of mutation {unknown}
 z - 2 potions of agility {unknown}
 A - 2 potions of berserk rage {unknown}
 F - 4 potions of magic
 G - a potion of resistance {unknown}
 J - 3 potions of lignification {unknown}
 N - a potion of heal wounds
 O - 3 potions of degeneration {unknown}
 U - a potion of might {unknown}
Miscellaneous
 V - a phantom mirror
Comestibles
 l - 16 chunks of flesh
 q - 27 rations


   Skills:
 + Level 9.5 Fighting
   Level 4.1(7.5) Short Blades
 - Level 9.8(10.1) Long Blades
 - Level 8.0 Dodging
 - Level 4.0 Stealth
 - Level 8.0 Spellcasting
 - Level 12.0 Conjurations
 - Level 4.2 Fire Magic
 - Level 6.2 Air Magic
 - Level 4.0 Evocations


You had 2 spell levels left.
You knew the following spells:

 Your Spells              Type           Power        Failure   Level  Hunger
a - Magic Dart            Conj           ####         1%          1    None
b - Searing Ray           Conj           ######       1%          2    None
c - Iskenderun's Mystic   Conj           ######..     1%          4    ###....
d - Conjure Flame         Conj/Fire      #####...     1%          3    None
e - Fireball              Conj/Fire      #####.....   2%          5    #####..
f - Mephitic Cloud        Conj/Pois/Air  ####....     1%          3    None
g - Sticky Flame          Conj/Fire      #####...     1%          4    ###....
h - Airstrike             Air            ####......   1%          4    ###....


Dungeon Overview and Level Annotations

Branches:
Dungeon (10/15)            Temple (0/1) D:7            Lair (5/6) D:10
 Shoals (0/4) Lair:4        Snake (0/4) Lair:4        Slime (0/5) Lair:5
    Orc (1/2) D:9

Altars:
Cheibriados
Elyvilon
Fedhas
Kikubaaqudgha
Makhleb
Nemelex Xobeh
Okawaru
Qazlal
Ru
Uskayaw
Vehumet
Yredelemnul
Jiyva

Shops:
D:7 *

Annotations:
D:3 p0werm0de's ghost, weakling DsCK
D:6 exclusion: deep elf mage, p0werm0de's ghost, amateur DsCK
D:9 Gastronok
D:10 Salmacis's ghost, journeyman FoFi
Lair:4 p0werm0de's ghost, journeyman DsCK
Orc:1 spellbooks are here


Innate Abilities, Weirdness & Mutations

You can breathe wild blasts of lightning.
Your glossy black scales are hard. (AC +8)
You cannot fit into any form of body armour.
You are resistant to electric shocks. (rElec)
You are cold-blooded and may be slowed by cold attacks.


Message History

The orange demon hits you but does no damage.
The orc warrior completely misses you.
The orc sorcerer hits you but does no damage.
The orc priest looks braver for a moment.
The orange demon stings you.
* * * LOW HITPOINT WARNING * * *
You are poisoned.
The orange demon poisons you!
The orange demon hits you but does no damage.
You feel sick.
The orc warrior hits you but does no damage.
The orc sorcerer splashes around in the water.
The orc priest mumbles some strange prayers to Beogh against you.
Beogh smites you!
* * * LOW HITPOINT WARNING * * *
The orange demon stings you but does no damage.
The orange demon hits you.
* * * LOW HITPOINT WARNING * * *
You feel your attacks grow feeble.
You die...

######...#............
####...#...........
#.###...#......#..#
###P###..#......#...#
#.≈.≈##.....#....#...
#P.P.###...#.##.. #..
#..o..##.#....# #.
#.oooo###....## #.
##..#@4# ##.### ##.
#..###.# #...## #..
##o## #.####...# ##.
#..# #..####.## ##
#o.# ##...#...## #
.o.......# #........#
....o..### ##......##
.....## ###..### .....
#.##


You could see an orange demon, an orc sorcerer, an orc warrior, an orc priest
and 2 orcs.

Vanquished Creatures
  Kirke (Lair:4)
  Josephine (Lair:3)
  Fannar (Lair:2)
  4 hydras
  A catoblepas (Lair:3)
  3 two-headed ogres
  3 death yaks
  2 merfolk sirens
  A torpor snail (Lair:5)
  9 spiny frogs
  3 komodo dragons
  A rime drake (Lair:3)
  2 merfolk
  A polar bear (Lair:3)
  9 hippogriffs
  9 blink frogs
  A spriggan (D:7)
  A shadow (D:10)
  32 yaks
  3 wraiths (Lair:3)
  3 wargs
  3 nagas
  13 water moccasins
  7 orc warriors
  6 porcupines
  A sky beast (D:10)
  2 ice beasts
  3 phantoms
  7 ogres
  4 centaurs
  8 wolves
  7 crocodiles
  2 big kobolds
  13 bullfrogs
  4 scorpions
  8 killer bees (D:9)
  3 howler monkeys (D:8)
  2 centaur zombies (Ossuary)
  7 crimson imps
  A quasit (D:8)
  3 human zombies (Ossuary)
  6 hounds
  2 jellies
  11 orc priests
  A gnoll shaman (D:5)
  15 orc wizards
  A bullfrog skeleton (D:10)
  A centaur skeleton (D:4)
  3 iguanas
  9 worker ants
  2 big kobold zombies (Ossuary)
  2 mummies (Ossuary)
  11 gnolls
  14 adders
  An adder zombie (D:5)
  3 adder skeletons
  3 worms (D:2)
  4 dart slugs
  6 leopard geckos
  52 orcs
  2 ball pythons
  3 giant cockroaches
  4 goblins
  5 hobgoblins
  11 jackals
  4 quokkas
  8 bats
  3 frilled lizards
  A goblin zombie (Ossuary)
  10 hobgoblin zombies (Ossuary)
  A jackal skeleton (D:5)
  18 kobolds
  8 kobold zombies (Ossuary)
  A leopard gecko skeleton (D:6)
  A leopard gecko zombie (D:8)
  10 orc zombies (Ossuary)
  7 rats
  A rat zombie (Ossuary)
  A fungus (Lair:4)
441 creatures vanquished.

Vanquished Creatures (others)
  4 humans (Lair:4)
  An orc wizard (D:7)
  9 fungi
  13 plants
27 creatures vanquished.

Grand Total: 468 creatures vanquished

Notes
Turn   | Place    | Note
-------+----------+-------------------------------------------
     0 | D:1      | tilp the Draconian Conjurer began the quest for the Orb.
     0 | D:1      | Reached XP level 1. HP: 14/14 MP: 3/3
   528 | D:1      | Reached XP level 2. HP: 8/20 MP: 0/5
   534 | D:1      | Learned a level 2 spell: Searing Ray
  1667 | D:2      | Reached skill level 5 in Conjurations
  1667 | D:2      | Reached XP level 3. HP: 22/26 MP: 0/6
  1753 | D:2      | Found a radiant altar of Vehumet.
  1758 | D:2      | Became a worshipper of Vehumet
  2425 | D:2      | Found a burning altar of Makhleb.
  2436 | D:2      | Reached XP level 4. HP: 25/33 MP: 7/7
  2892 | D:3      | Reached skill level 6 in Conjurations
  2899 | D:3      | Reached * piety under Vehumet
  2899 | D:3      | Offered knowledge of Freeze by Vehumet.
  3093 | D:3      | Found a blossoming altar of Fedhas.
  3157 | D:3      | Found a sacrificial altar of Ru.
  3228 | D:3      | Reached XP level 5. HP: 38/38 MP: 5/8
  3272 | D:3      | Noticed p0werm0de's ghost (weakling DsCK)
  3920 | D:3      | Found a snail-covered altar of Cheibriados.
  4304 | D:2      | Reached skill level 7 in Conjurations
  4838 | D:4      | Reached XP level 6. HP: 45/45 MP: 9/9
  5117 | D:4      | Offered knowledge of Flame Tongue by Vehumet.
  5349 | D:4      | Reached skill level 8 in Conjurations
  5490 | D:4      | Reached ** piety under Vehumet
  5521 | D:4      | Your scales start taking on a glossy black colour.
  5521 | D:4      | Reached XP level 7. HP: 56/56 MP: 6/10
  5521 | D:4      | Gained mutation: You are resistant to electric shocks. (rElec) [Black Draconian growth]
  6007 | D:5      | Entered Level 5 of the Dungeon
  6604 | D:5      | Reached skill level 5 in Fighting
  7098 | D:5      | Learned a level 4 spell: Iskenderun's Mystic Blast
  7471 | D:6      | Reached XP level 8. HP: 70/70 MP: 11/11
  7524 | D:6      | HP: 3/70 [disintegration (17)]
  7664 | D:6      | Noticed p0werm0de's ghost (amateur DsCK)
  7833 | D:6      | Offered knowledge of Inner Flame by Vehumet.
  7985 | D:6      | Reached skill level 5 in Dodging
  8457 | D:6      | Found a stormy altar of Qazlal.
  8516 | D:6      | Reached *** piety under Vehumet
  8685 | D:6      | Noticed a deep elf mage
  8968 | D:7      | Reached XP level 9. HP: 51/75 MP: 6/15
  9181 | D:7      | Reached skill level 5 in Spellcasting
  9290 | D:7      | Offered knowledge of Conjure Flame by Vehumet.
  9482 | D:7      | Found an iron altar of Okawaru.
  9651 | D:7      | Found a staircase to the Ecumenical Temple.
  9665 | D:7      | Found Ruej's General Store.
  9673 | D:7      | Bought a +0 cloak for 63 gold pieces
  9673 | D:7      | Bought a scroll of identify for 28 gold pieces
  9673 | D:7      | Bought a scroll of identify for 28 gold pieces
  9692 | D:7      | Reached skill level 1 in Evocations
  9822 | D:7      | Learned a level 3 spell: Conjure Flame
  9827 | D:7      | Found a white marble altar of Elyvilon.
  9990 | D:8      | Noticed a hand axe
  9991 | D:8      | Noticed a hand axe
  9991 | D:8      | Found a hide-covered altar of Uskayaw.
 10011 | D:8      | Noticed a two-headed ogre
 10292 | D:8      | Found a sand-covered staircase.
 10300 | Ossuary  | Entered an ossuary
 10385 | Ossuary  | Reached **** piety under Vehumet
 10471 | Ossuary  | Offered knowledge of Ignite Poison by Vehumet.
 11260 | D:8      | Killed a two-headed ogre
 11260 | D:8      | Reached skill level 9 in Conjurations
 11260 | D:8      | Reached XP level 10. HP: 66/83 MP: 10/19
 11417 | D:8      | Noticed a two-headed ogre
 11539 | D:8      | Killed a two-headed ogre
 11539 | D:8      | Reached skill level 10 in Conjurations
 11688 | D:8      | Reached ***** piety under Vehumet
 12040 | D:9      | Noticed a two-headed ogre
 12062 | D:9      | Killed a two-headed ogre
 12137 | D:9      | Found a staircase to the Orcish Mines.
 12172 | D:9      | Noticed Gastronok
 12308 | D:9      | Found a sparkling altar of Nemelex Xobeh.
 12492 | D:9      | Found an ancient bone altar of Kikubaaqudgha.
 12654 | D:9      | Offered knowledge of Fireball by Vehumet.
 12661 | D:9      | Learned a level 5 spell: Fireball
 12948 | D:10     | Entered Level 10 of the Dungeon
 12962 | D:10     | Noticed Salmacis's ghost (journeyman FoFi)
 13385 | D:10     | Found a staircase to the Lair.
 14216 | D:10     | Reached XP level 11. HP: 89/94 MP: 11/20
 14325 | D:10     | Reached skill level 1 in Short Blades
 14416 | D:10     | Learned a level 3 spell: Mephitic Cloud
 14821 | Lair:1   | Entered Level 1 of the Lair of Beasts
 15417 | Lair:1   | Reached skill level 1 in Air Magic
 16066 | Lair:2   | Reached skill level 5 in Air Magic
 16148 | Lair:2   | Learned a level 4 spell: Sticky Flame
 16795 | Lair:2   | Noticed Fannar
 17164 | Lair:2   | Got a scorched great sword
 17165 | Lair:2   | Identified the +9 great sword "Upnus" {freeze, rElec} (You found it on level 2 of the Lair of Beasts)
 17280 | Lair:3   | Offered knowledge of Airstrike by Vehumet.
 17294 | Lair:3   | Learned a level 4 spell: Airstrike
 17374 | Lair:3   | Reached skill level 1 in Long Blades
 17742 | Lair:3   | Noticed a four-headed hydra
 17753 | Lair:3   | Killed a four-headed hydra
 17824 | Lair:3   | Noticed a seven-headed hydra
 17834 | Lair:3   | Killed a nine-headed hydra
 17834 | Lair:3   | Reached XP level 12. HP: 54/101 MP: 7/24
 17857 | Lair:3   | Reached skill level 5 in Long Blades
 18827 | Lair:4   | Noticed a catoblepas
 18912 | Lair:4   | Noticed Kirke
 18925 | Lair:4   | Found a staircase to the Snake Pit.
 18926 | Lair:4   | Noticed a six-headed hydra
 18933 | Lair:4   | Killed Kirke
 19317 | Lair:4   | Noticed a death yak
 19318 | Lair:4   | Killed a seven-headed hydra
 19633 | Lair:4   | Noticed p0werm0de's ghost (journeyman DsCK)
 19870 | Lair:3   | Killed a catoblepas
 20205 | Lair:3   | Killed a death yak
 20253 | Lair:4   | Noticed Josephine
 20255 | Lair:4   | Got a pair of transparent gloves
 20262 | Lair:3   | HP: 5/101 [Josephine/ghostly fireball (29)]
 21242 | Lair:3   | Killed Josephine
 21378 | Lair:3   | Identified the cursed -1 pair of gloves of the Tired Realms {*Corrode rF++ MP+9 Dex+3} (You found it on level 4 of the Lair of Beasts)
 21953 | Lair:4   | Found a staircase to the Shoals.
 22325 | Lair:5   | Noticed a four-headed hydra
 22333 | Lair:5   | Reached skill level 11 in Conjurations
 22337 | Lair:5   | Killed a four-headed hydra
 22337 | Lair:5   | Reached XP level 13. HP: 72/107 MP: 12/25
 23213 | Lair:5   | Reached skill level 12 in Conjurations
 23417 | Lair:5   | Found a basalt altar of Yredelemnul.
 23454 | Lair:5   | Found a viscous altar of Jiyva.
 23454 | Lair:5   | Found a staircase to the Slime Pits.
 23796 | Lair:2   | Killed Fannar
 24053 | Orc:1    | Entered Level 1 of the Orcish Mines
 24299 | Orc:1    | Paralysed by an orc sorcerer for 7 turns
 24303 | Orc:1    | HP: 5/111 [orc priest/divine providence (10)]
 24303 | Orc:1    | HP: 2/111 [orange demon[an orc sorcerer] (3)]
 24304 | Orc:1    | Succumbed to an orange demon's poison

Skill      XL: |  1  2  3  4  5  6  7  8  9 10 11 12 13 |
---------------+----------------------------------------+-----
Conjurations   | 5 6 7 8 9 10 11 12 | 12.0
Fighting       | 2 6 8 9 |  9.5
Dodging        | 3 6 8 |  8.0
Spellcasting   | 4 6 8 |  8.0
Stealth        | 4 |  4.0
Evocations     | 4 |  4.0
Short Blades   | 4 |  4.1
Air Magic      | 6 |  6.2
Long Blades    | 4 9 |  9.8
Fire Magic     | 4 |  4.2

Action                   |  1- 3 |  4- 6 |  7- 9 | 10-12 | 13-15 || total
-------------------------+-------+-------+-------+-------+-------++-------
Melee: Whip              |    49 |       |       |       |       ||    49
       Tailslap          |     4 |       |    33 |    31 |    14 ||    82
       Dagger            |     5 |       |       |       |       ||     5
       Rapier            |       |       |   346 |   173 |       ||   519
       Mace              |       |       |    42 |       |       ||    42
       Great sword       |       |       |       |    89 |    91 ||   180
 Fire: Hunting sling     |    24 |   107 |    17 |       |       ||   148
Throw: Tomahawk          |       |       |     8 |       |       ||     8
       Javelin           |       |       |     7 |     7 |       ||    14
 Cast: Magic Dart        |    32 |     4 |    34 |    45 |     2 ||   117
       Searing Ray       |     5 |    27 |    89 |    96 |     2 ||   219
       Conjure Flame     |       |       |       |    34 |     6 ||    40
       Iskenderun's Myst |       |       |       |     3 |       ||     3
       Sticky Flame      |       |       |       |    16 |     3 ||    19
       Airstrike         |       |       |       |    15 |     1 ||    16
       Fireball          |       |       |       |    26 |     4 ||    30
 Abil: Breathe Lightning |       |       |     1 |     1 |       ||     2
Evoke: Wand              |       |       |     2 |     1 |       ||     3
  Use: Scroll            |       |       |    20 |    11 |     1 ||    32
       Potion            |       |       |     3 |     2 |       ||     5
 Stab: Sleeping          |     2 |       |     1 |     6 |     1 ||    10
  Eat: Chunk             |     5 |     7 |    17 |    29 |     2 ||    60
       Ration            |       |     1 |     2 |     5 |     2 ||    10
Armor: Skin              |    29 |    30 |   235 |   200 |    33 ||   527
Dodge: Dodged            |    48 |    73 |   362 |   419 |    86 ||   988
       Rpst.: Great sword |       |       |       |    26 |    25 ||    51
